 Dungeon Crawl Stone Soup version 0.24-a0-290-gbb66a672fa (webtiles) character file.

Game seed: 6734813579783083511

54 Redear the Skirmisher (level 3, -3/29 HPs)
             Began as a Demonspawn Chaos Knight on May 8, 2019.
             Was a Plaything of Xom.
             Slain by a worker ant (5 damage)
             ... on level 3 of the Dungeon.
             The game lasted 00:02:24 (1177 turns).

Redear the Skirmisher (Demonspawn Chaos Knight)     Turns: 1177, Time: 00:02:25

Health: -3/29      AC:  7    Str: 13    XL:     3   Next: 66%
Magic:  3/3        EV: 12    Int: 13    God:    Xom [...*..]
Gold:   53         SH:  0    Dex: 12    Spells: 2/2 levels left

rFire    . . .     SeeInvis .   f - +0 whip
rCold    . . .     Gourm    .   (no shield)
rNeg     . . .     Faith    .   b - +2 leather armour
rPois    .         Spirit   .   (no helmet)
rElec    .         Reflect  .   k - +1 cloak
rCorr    .         Harm     .   (no gloves)
MR       .....                  (no boots)
Stlth    +.........             (no amulet)
HPRegen  0.09/turn              (no ring)
MPRegen  0.08/turn              (no ring)

@: flying
A: demonic guardian 1
a: Renounce Religion


You were on level 3 of the Dungeon.
You worshipped Xom.
You were a favourite toy of Xom.
You were hungry.

You visited 1 branch of the dungeon, and saw 3 of its levels.

You collected 53 gold pieces.

Inventory:

Hand Weapons
 a - a +0 hand axe of chaos
 f - a +0 whip (weapon)
Armour
 b - a +2 leather armour (worn)
 k - a +1 cloak (worn)
Jewellery
 h - a +3 ring of protection {unknown}
 m - a cursed ring of teleportation {unknown}
Scrolls
 d - 2 scrolls of teleportation {unknown}
 e - a scroll of magic mapping {unknown}
 g - a scroll of enchant weapon {unknown}
 i - a scroll of immolation {unknown}
 j - a scroll of identify {unknown}
Comestibles
 z - a ration


   Skills:
 + Level 3.4 Fighting
 + Level 3.1 Axes
 + Level 2.4 Armour
 + Level 1.7 Dodging


You had 2 spell levels left.
You didn't know any spells.
Your spell library was empty.

Dungeon Overview and Level Annotations

Branches:
Dungeon (3/15)

Altars:

Annotations:
D:2 Robin


Innate Abilities, Weirdness & Mutations

A weak demonic guardian rushes to your aid.


Message History

The worker ant is heavily wounded.
The worker ant misses you.
You hit the worker ant.
The worker ant is severely wounded.
The worker ant closely misses you. The worker ant bites you.
You take 4 damage, and have 9/29 hp.
You hit the worker ant.
The worker ant is severely wounded.
The worker ant bites you!
* * * LOW HITPOINT WARNING * * *
You take 7 damage, and have 2/29 hp.
MASSIVE DAMAGE!!
You barely miss the worker ant.
The worker ant is severely wounded.
The worker ant misses you.
It was a potion of flight.
You feel very buoyant.
You fly up into the air.
Xom roars with laughter!
The worker ant bites you.
You die...

#####................#
#....................#
#........###.........#
#........###.........#
+........'.+.........#
#........###.........#
#####...###.......#### ###
#####...###.....†..### ..#
........ola@.........+ ...+
.........##........###....#
.........##........###....#
..........+................
.........##................
.........##................
.........####+####.#####+##
.........# #.# #.# #.## #.#


You could see a worker ant, an orc and a leopard gecko.

Vanquished Creatures
  Natasha (D:3)
  4 goblins
  3 hobgoblins
  2 bats (D:1)
  A frilled lizard (D:2)
  2 kobolds (D:1)
  8 rats
21 creatures vanquished.

Vanquished Creatures (collateral kills)
  A hound (D:2)
  A dart slug (D:3)
  A giant cockroach (D:3)
  A goblin (D:2)
  A frilled lizard (D:3)
5 creatures vanquished.

Grand Total: 26 creatures vanquished

Notes
Turn   | Place    | Note
-------+----------+-------------------------------------------
     0 | D:1      | Redear the Demonspawn Chaos Knight began the quest for the
                  | Orb.
     0 | D:1      | Reached XP level 1. HP: 18/18 MP: 1/1
    69 | D:1      | Reached skill level 1 in Dodging
    93 | D:1      | XOM: harmless Hex miscast
   253 | D:1      | XOM: divination: detect creatures
   274 | D:1      | Reached skill level 2 in Armour
   441 | D:1      | Gained mutation: A weak demonic guardian rushes to your
                  | aid. [demonic ancestry]
   441 | D:1      | Reached XP level 2. HP: 24/24 MP: 2/2
   646 | D:2      | Reached skill level 3 in Axes
   671 | D:2      | Reached XP level 3. HP: 20/29 MP: 3/3
   713 | D:2      | Noticed Robin
   834 | D:3      | XOM: mild Chrm miscast
  1125 | D:3      | Noticed Natasha
  1134 | D:3      | Killed Natasha
  1175 | D:3      | HP: 2/29 [worker ant (7)]
  1177 | D:3      | Slain by a worker ant

Levels and vault maps discovered:
D:1:      dpeg_arrival_long_road, layout_basic, hangedman_decor_growths
D:2:      layout_basic, first_ration, minivault_23,
          nicolae_qazlal_general_emergency, uniq_robin
D:3:      layout_basic, portal_sewer_entry_b, uniq_natasha

Skill      XL: |  1  2 |
---------------+-------+-----
Dodging        | 1 |  1.7
Armour         | 2 |  2.4
Axes           | 3 |  3.1
Fighting       | |  3.4

Action                   || total
-------------------------++-------
Melee: Whip              ||    82
       Hand axe          ||     9
  Use: Potion            ||     2
 Stab: Sleeping          ||     1
Armor: Leather armour    ||    42
Dodge: Dodged            ||    72

Table legend:
 A = Non-vault XP
 B = Vault XP
 C = Vault XP percentage of total XP
 D = Non-vault monster count
 E = Vault monster count
 F = Vault count percentage of total count
                 A         B        C        D         E       F
            +---------+---------+-------+---------+---------+-------
      Total |      49 |      29 |  37.2 |      22 |       4 |  15.4
            +---------+---------+-------+---------+---------+-------
        D:1 |      18 |       0 |   0.0 |      13 |       0 |   0.0
        D:2 |      25 |       1 |   3.8 |       5 |       1 |  16.7
        D:3 |       6 |      28 |  82.4 |       4 |       3 |  42.9
            +---------+---------+-------+---------+---------+-------
